Match 35712072
Unlisted

Match 35712072
End
Panzergrenadier Squad
Selects Armored Support Battlegroup
Panzergrenadier Squad
250 Light Carrier
Construct Light Support Kompanie
2.5-tonne Medical Truck
Selects Superior Fire Drills
Combat Half-tracks
Fire Support Elements
Veteran Squad Leaders
Vehicle Survival Package
Construct Panzerarmee Kommand
Panzerjäger Mechanized Group
Emergency Repair Kits
Selects Flammpanzer III Medium Tank
Flammpanzer III Medium Tank
Flammpanzer III Medium Tank
Flammpanzer III Medium Tank
Armored Reserves
Advanced Field Repairs
Selects Command Panzer IV F Medium Tank
Command Panzer IV F Medium Tank
Selects Salvage Kits
Selects Panzer Storm
Walking Stuka Rocket Launcher
Tungsten Core Ammunition
Construct Mechanized Kompanie
Rapid Advance
Advanced Optics
muta999888
leopard
没有故事你随意
wpedsa
Bruistablet
Professor gibberish
pear7box
弓弦
0
0

Comments sign in to comment!

No comments posted yet!